 Dungeon Crawl Stone Soup version 0.30.0-29-ga12c61a403 (webtiles) character file.

Game seed: 8235810911877230166

846 Fecro the Covert (level 7, -3/35 HPs)
             Began as a Spriggan Brigand on June 25, 2023.
             Was a Follower of Dithmenos.
             Killed from afar by Natasha (11 damage)
             ... with a magic dart
             ... on level 4 of the Dungeon.
             The game lasted 00:26:46 (6341 turns).

Fecro the Covert (Spriggan Brigand)                 Turns: 6341, Time: 00:26:47

Health: -3/35      AC:  3    Str:  7    XL:     7   Next: 68%
Magic:  11/11      EV: 18    Int: 12    God:    Dithmenos [*.....]
Gold:   400        SH:  0    Dex: 19    Spells: 10/10 levels left

rFire   . . .        a - +2 dagger
rCold   . . .        (no shield)
rNeg    . . .        b - +0 robe
rPois   .            (helmet restricted)
rElec   .            c - +0 cloak
rCorr   .            (gloves unavailable)
SInv    +            (boots unavailable)
Will    +....        (no amulet)
Stlth   ++++++       (no ring)
HPRegen 0.25/turn    (no ring)
MPRegen 0.12/turn

%: no passive effects
@: slowed, wreathed by umbra, quick
A: very small, no large weapons, unfitting armour, see invisible, speed 3
a: Renounce Religion


You were on level 4 of the Dungeon.
You worshipped Dithmenos.
Dithmenos was aware of your devotion.
You visited 2 branches of the dungeon, and saw 7 of its levels.

You collected 400 gold pieces.

Inventory:

Hand Weapons
 a - a +2 dagger (weapon)
Missiles
 d - 10 poisoned darts
 h - 38 stones
 D - a throwing net
 E - 6 boomerangs (quivered)
Armour
 b - a +0 robe (worn)
 c - a +0 cloak (worn)
Jewellery
 q - a ring of protection from cold
 A - a +6 ring of intelligence
Wands
 e - a wand of flame (17)
Scrolls
 i - 6 scrolls of identify {unknown}
 o - a scroll of enchant armour {unknown}
 r - a scroll of teleportation {unknown}
 s - 2 scrolls of amnesia {unknown}
 t - 2 scrolls of magic mapping {unknown}
 u - a scroll of silence {unknown}
 v - a scroll of poison {unknown}
 y - a scroll of blinking {unknown}
 z - a scroll of noise {unknown}
 B - 2 scrolls of vulnerability {unknown}
 C - a scroll of torment {unknown}
Potions
 f - 4 potions of curing
 g - 2 potions of mutation {unknown}
 j - a potion of cancellation {unknown}
 k - a potion of berserk rage {unknown}
 l - 2 potions of lignification {unknown}
 m - 4 potions of attraction {unknown}
 n - 2 potions of degeneration {unknown}
 p - 2 potions of flight {unknown}
 w - 2 potions of resistance {unknown}
 x - a potion of heal wounds {unknown}


   Skills:
 + Level 2.3 Fighting
 + Level 4.5 Short Blades
 * Level 4.1 Throwing
 + Level 3.4 Dodging
 * Level 10.7 Stealth
 * Level 2.1 Spellcasting


You had 10 spell levels left.
You didn't know any spells.
Your spell library contained the following spells:

 Spells                   Type           Power      Damage    Failure   Level
 Kiss of Death            Conj/Necr      4%         2d5       26%         1
 Magic Dart               Conj           4%         1d3       26%         1
 Sandblast                Erth           2%         2d4       26%         1
 Call Imp                 Summ           2%         N/A       38%         2
 Cigotuvi's Dreadful Rot  Necr/Pois/Air  2%         N/A       38%         2
 Lesser Beckoning         Tloc           2%         N/A       38%         2
 Passwall                 Tmut/Erth      0%         N/A       38%         2
 Confusing Touch          Hex            1%         N/A       63%         3
 Gell's Gravitas          Tloc           1%         N/A       63%         3
 Ignite Poison            Fire/Tmut/Pois 1%         N/A       63%         3
 Mephitic Cloud           Conj/Pois/Air  1%         N/A       63%         3
 Stone Arrow              Conj/Erth      2%         3d7       63%         3
 Teleport Other           Tloc           1%         N/A       63%         3
 Dispel Undead            Necr           1%         3d6       95%         4
 Freezing Cloud           Conj/Ice/Air   0%         6-21      100%        5
 Dispersal                Tloc           0%         N/A       100%        6


Dungeon Overview and Level Annotations

Branches:
Dungeon (6/15)             Temple (1/1) D:4

Altars:
Cheibriados
Dithmenos
Elyvilon
Fedhas
Gozag
Hepliaklqana
Kikubaaqudgha
Makhleb
Nemelex Xobeh
Qazlal
Ru
Sif Muna
Trog
Uskayaw
Xom
Yredelemnul
Zin

Shops:
D:2 :   D:5 (

Annotations:
D:4 Natasha
D:5 Eustachio


Innate Abilities, Weirdness & Mutations

You are very small and have problems with some larger weapons.
You are too small for most types of armour.
You have supernaturally acute eyesight. (SInv)
You cover ground extremely quickly. (Speed+++)


Message History

Natasha is severely wounded.
Natasha casts a spell at you. The magic dart hits you!
You barely miss Natasha.
Natasha is severely wounded.
The cerulean imp hits you but does no damage.
Natasha misses you.
You hit Natasha.
Natasha is severely wounded.
The cerulean imp hits you from afar with a +0 spear.
Natasha claws you.
You are too injured to fight recklessly!
You are too injured to fight recklessly!
You are too injured to fight recklessly!
The cerulean imp hits the fungus with a +0 spear.
The fungus begins to die.
Natasha stares at you and mumbles some strange words.
You feel yourself slow down.
Throw: 6 boomerangs
Press: ? - help, Q - select action, (/) - cycle Shift-Dir - straight line, f/p - Natasha
Aim: Natasha (severely wounded, 58% to hit)
You throw a boomerang. The boomerang barely misses Natasha.
The boomerang barely misses the cerulean imp.
A nearby fungus withers and dies.
The cerulean imp hits the fungus with a +0 spear.
The fungus begins to die.
Throw: 6 boomerangs
Press: ? - help, Q - select action, (/) - cycle Shift-Dir - straight line, f/p - Natasha
Aim: Natasha (severely wounded, 58% to hit)
You throw a boomerang. The boomerang closely misses Natasha.
The boomerang hits the cerulean imp.
The cerulean imp is moderately wounded.
The cerulean imp disappears in a puff of smoke!
Natasha claws you.
Natasha stares at you and mumbles some strange words.
The magic dart hits you!
* * * LOW HITPOINT WARNING * * *
Natasha stares at you and mumbles some strange words.
The magic dart hits you!
You die...

### ########.##############
..h...........†.......##
..PPP.._..PP.....PP....###
.........................#
########.###############h#
#........# #.###
###........########...######
♣♣
#..........@..h.............
.♣
###........########...######
♣♣ #...........# #...# # .♣
#######.###.### #...# # ♣♣
#.# #..[# #...# # ♣♣♣
#.###.#.####### ### ..♣♣
#.##.........#####.. ♣♣.♣♣
#.##.#.#...........# ♣♣♣.♣
#............#####.#


You could see Natasha.

Vanquished Creatures
  A water moccasin (D:4)
  An orc warrior (D:6)
  A scorpion (D:5)
  A howler monkey (D:6)
  2 orc priests
  2 hounds
  A jelly (D:4)
  2 sleepcaps (D:4)
  2 iguanas
  2 orc wizards
  Natasha (twice) (D:4)
  3 gnolls (D:6)
  6 adders
  A shadow imp (D:6)
  An ufetubus (D:4)
  2 worms (D:3)
  3 dart slugs
  10 orcs
  7 ball pythons
  11 endoplasms
  3 giant cockroaches (D:1)
  6 goblins
  4 hobgoblins
  2 jackals (D:2)
  7 kobolds
  2 quokkas
  6 bats
  5 frilled lizards (D:1)
  5 rats
101 creatures vanquished.

Notes
Turn   | Place    | Note
-------+----------+-------------------------------------------
     0 | D:1      | Fecro the Spriggan Brigand began the quest for the Orb.
     0 | D:1      | Reached XP level 1. HP: 10/10 MP: 2/2
    63 | D:1      | Reached skill level 6 in Stealth
   167 | D:1      | Reached XP level 2. HP: 14/14 MP: 3/3
   289 | D:1      | Reached skill level 7 in Stealth
   647 | D:2      | Reached XP level 3. HP: 18/18 MP: 4/4
   976 | D:2      | Found Calaak's Book Shoppe.
  1652 | D:3      | Reached XP level 4. HP: 23/23 MP: 5/5
  1911 | D:3      | Reached skill level 8 in Stealth
  2223 | D:3      | Found a stormy altar of Qazlal.
  2324 | D:4      | Found a staircase to the Ecumenical Temple.
  2338 | D:4      | Reached XP level 5. HP: 26/26 MP: 6/6
  2345 | Temple   | Entered the Ecumenical Temple
  2546 | Temple   | Became a worshipper of Dithmenos the Shadowed
  2589 | D:4      | Found a snail-covered altar of Cheibriados.
  2831 | D:4      | Reached skill level 9 in Stealth
  3388 | D:4      | Reached XP level 6. HP: 30/30 MP: 7/7
  3599 | D:4      | Noticed Natasha
  3612 | D:4      | Killed Natasha
  4285 | D:5      | Entered Level 5 of the Dungeon
  4450 | D:5      | Reached skill level 10 in Stealth
  4481 | D:5      | Found Gunuh's Antique Weapon Boutique.
  4521 | D:5      | Noticed Eustachio
  4522 | D:5      | Noticed an ice beast
  4652 | D:4      | Noticed Natasha
  4689 | D:4      | Killed Natasha
  4786 | D:5      | Reached * piety under Dithmenos
  4787 | D:5      | Reached skill level 1 in Spellcasting
  4987 | D:4      | Reached XP level 7. HP: 21/35 MP: 9/9
  6220 | D:4      | Noticed Natasha
  6341 | D:4      | Killed from afar by Natasha

Illustrated notes

Levels and vault maps discovered:
D:1:      lightli_arrival_maybe_door_vault, layout_basic
D:2:      layout_basic, serial_shops, shop
D:3:      layout_loops_ring, mainiacjoe_overflow_alcove_2
D:4:      kb_forest_paths, layout_basic, mainiacjoe_overflow_boulevard,
          minmay_temple_entry_sparse_star, uniq_natasha
D:5:      layout_rooms, serial_shops, shop, st_stairs_11,
          chequers_serial_rivers_large_a, uniq_eustachio
D:6:      layout_layer_cave, serial_shops, nicolae_shop_tiny_real_fake_doors
Temple:   regret_index_temple_generic_petals

Skill      XL: |  1  2  3  4  5  6  7 |
---------------+----------------------+-----
Stealth        | 6 7 8 9 10 | 10.7
Dodging        | 2 3 |  3.4
Short Blades   | 3 4 |  4.5
Throwing       | 3 4 |  4.1
Fighting       | 2 |  2.3
Spellcasting   | 1 2 |  2.1

Action                     |  1- 3 |  4- 6 |  7- 9 || total
---------------------------+-------+-------+-------++-------
  Melee: Dagger            |    91 |   184 |    96 ||   371
         Punch             |     1 |     5 |       ||     6
  Throw: Dart              |     2 |    17 |    12 ||    31
         Stone             |       |     9 |     1 ||    10
         Boomerang         |       |       |    14 ||    14
   Stab: Sleeping          |    26 |    14 |     1 ||    41
         Distracted        |       |     1 |       ||     1
 Armour: Robe              |     8 |    16 |     4 ||    28
  Dodge: Dodged            |    45 |   125 |    80 ||   250
